Map: Romanticide LE

Players

IIIIIIIIIIII - Winner!

  • Race: Protoss Protoss
  • League: Master
  • Spawn Location: 5:00

MarcoMan

  • Race: Protoss Protoss
  • League: Master
  • Spawn Location: 11:00

VOD

Have the link to the VOD?

Description

Time

  • Played on: Jan. 17, 2021, 10:33 p.m.
  • Length: 2:45
Show
View Real Time Build Order
Export as new Build Order

IIIIIIIIIIII Protoss - Winner!

Build Orders:  

Get SALT Encoding   

  12  0:00  Probe  
  13  0:12  Probe  
  14  0:16  Pylon  
  14  0:24  Probe  
  15  0:34  Forge  
  15  0:57  Pylon  
  15  1:03  Probe  
  16  1:05  Pylon  
  16  1:18  Gateway  
  16  1:21  Gateway  
  15  1:33  Photon Cannon  
  15  1:37  Photon Cannon  
  15  1:38  Pylon  
  15  1:40  Pylon  
  15  1:43  Pylon  
  15  2:00  Photon Cannon  
  15  2:01  Photon Cannon  
  15  2:04  Gateway  
  15  2:09  Photon Cannon  
  15  2:13  Photon Cannon  
  15  2:15  Pylon  
  15  2:22  Photon Cannon  
  15  2:34  Photon Cannon  
Show
View Real Time Build Order
Export as new Build Order

MarcoMan Protoss 

Build Orders: Double Forge 

Get SALT Encoding   

  12  0:00  Probe  
  13  0:12  Probe  
  14  0:17  Pylon  
  14  0:25  Probe  
  15  0:37  Probe  
  15  0:38  Gateway  
  16  0:47  Assimilator  
  16  0:49  Probe  
  17  1:01  Probe  
  18  1:07  Forge  
  18  1:18  Probe  
  19  1:30  Gateway  
  19  1:45  Probe  
  19  1:46  Forge  
  20  1:57  Probe  
  20  2:09  Probe  
  20  2:17  Zealot (Chrono Boost)  
  20  2:21  Probe (Chrono Boost)  
  23  2:33  Probe (Chrono Boost)  
Tags
 
Matchup
PvP
Replay Pack
Weekend
Spawn Locations
Cross Positions
Add a new tag
Caveats
  • Supply blocks, unpowered buildings, or Contaminate may cause inaccurate times.
  • Supply counts are checked every 10 seconds.